 Dungeon Crawl Stone Soup version 0.27.1-1-g398f81649c (webtiles) character file.

Game seed: 1881293233289947977

1074 MisterFreud the Shield-Bearer (level 8, 0/65 (67) HPs)
             Began as a Gnoll Fighter on Sept 9, 2021.
             Was a Believer of Dithmenos.
             Slain by Pikel (2 damage)
             ... on level 6 of the Dungeon.
             The game lasted 00:06:15 (5294 turns).

MisterFreud the Shield-Bearer (Gnoll Fighter)       Turns: 5294, Time: 00:06:16

HP:   0/65 (67)     AC:  9    Str: 16    XL:     8   Next: 29%
MP:   12/12         EV:  9    Int: 10    God:    Dithmenos [**....]
Gold: 310           SH: 10    Dex: 11    Spells: 13/13 levels left

rFire    . . .     SeeInvis .   a - +0 rapier
rCold    . . .     Faith    .   c - +0 kite shield
rNeg     . . .     Spirit   .   b - +0 scale mail
rPois    .         Reflect  .   (no helmet)
rElec    .         Harm     .   f - +0 cloak
rCorr    .         Rampage  .   (no gloves)
Will     +....                  (no boots)
Stlth    +.........             (no amulet)
HPRegen  0.20/turn              q - ring of willpower
MPRegen  0.13/turn              (no ring)

@: very slightly contaminated, wreathed by umbra, lightly drained, invisible
A: fangs 1, strong nose, distributed training
a: Renounce Religion, Shadow Step


You were on level 6 of the Dungeon.
You worshipped Dithmenos.
Dithmenos was pleased with you.
You visited 1 branch of the dungeon, and saw 6 of its levels.

You collected 310 gold pieces.

Inventory:

Hand Weapons
 a - a +0 rapier (weapon)
Missiles
 j - 27 poisoned darts (quivered)
 p - 2 boomerangs
Armour
 b - a +0 scale mail (worn)
 c - a +0 kite shield (worn)
 f - a +0 cloak (worn)
Jewellery
 q - a ring of willpower (left hand)
Wands
 e - a wand of flame (18)
 k - a wand of polymorph (11)
Scrolls
 d - a scroll of vulnerability
 g - 2 scrolls of holy word {unknown}
 h - a scroll of amnesia
 m - a scroll of fog
 n - a scroll of teleportation
 o - a scroll of identify
 r - a scroll of enchant weapon {unknown}
Potions
 i - a potion of curing


   Skills:
 + Level 7.3 Fighting
 + Level 5.6 Short Blades
 + Level 3.1 Long Blades
 + Level 3.1 Axes
 + Level 3.1 Maces & Flails
 + Level 3.1 Polearms
 + Level 3.1 Staves
 + Level 3.1 Slings
 + Level 3.1 Bows
 + Level 3.1 Crossbows
 + Level 3.1 Throwing
 + Level 7.3 Armour
 + Level 3.1 Dodging
 + Level 3.1 Stealth
 + Level 7.3 Shields
 + Level 3.1 Unarmed Combat
 + Level 3.1 Spellcasting
 + Level 2.5 Conjurations
 + Level 2.5 Hexes
 + Level 2.5 Summonings
 + Level 2.5 Necromancy
 + Level 2.5 Translocations
 + Level 2.5 Transmutations
 + Level 2.5 Fire Magic
 + Level 2.5 Ice Magic
 + Level 2.5 Air Magic
 + Level 2.5 Earth Magic
 + Level 2.5 Poison Magic
 + Level 3.4 Invocations
 + Level 3.1 Evocations


You had 13 spell levels left.
You didn't know any spells.
Your spell library contained the following spells:

 Spells                   Type           Power      Damage    Failure   Level
 Beastly Appendage        Tmut           12%        N/A       63%         1
 Blink                    Tloc           N/A        N/A       77%         2
 Wereblood                Tmut           6%         N/A       77%         2
 Dazzling Flash           Conj/Hex       12%        N/A       94%         3
 Lesser Beckoning         Tloc           3%         N/A       94%         3
 Spider Form              Tmut/Pois      3%         N/A       94%         3
 Stone Arrow              Conj/Erth      12%        3d7       94%         3
 Animate Armour           Summ/Erth      12%        N/A       100%        4
 Agony                    Necr           6%         N/A       100%        5
 Manifold Assault         Tloc           6%         N/A       100%        5
 Silence                  Hex/Air        3%         N/A       100%        5
 Lehudib's Crystal Spear  Conj/Erth      3%         10d2      100%        8


Dungeon Overview and Level Annotations

Branches:
Dungeon (6/15)             Temple (0/1) D:5

Altars:
Ashenzari
Dithmenos
Gozag
Trog

Annotations:
D:6 Pikel


Innate Abilities, Weirdness & Mutations

You have very sharp teeth.
Your uncanny sense of smell can sniff out nearby items.
Your experience applies equally to all skills.


Message History

Okay, then.
Unknown command.
You feel better.
Pikel hits you with a +2 whip of freezing!
* * * LOW HITPOINT WARNING * * *
Pikel freezes you.
* * * LOW HITPOINT WARNING * * *
You fade into invisibility!
Pikel barely misses you. You block Pikel's attack.
You are very lightly contaminated with residual magic.
You hit Pikel but do no damage.
Pikel is moderately wounded.
Pikel barely misses you.
You barely miss Pikel. Your bite misses Pikel.
Pikel is moderately wounded.
Pikel hits you with a +2 whip of freezing.
* * * LOW HITPOINT WARNING * * *
Pikel freezes you.
* * * LOW HITPOINT WARNING * * *
Pikel hits you with a +2 whip of freezing.
* * * LOW HITPOINT WARNING * * *
Pikel freezes you.
* * * LOW HITPOINT WARNING * * *
Unknown command.
You feel better. Pikel hits you but does no damage.
You hit Pikel but do no damage.
Pikel is moderately wounded.
You block Pikel's attack.
Pikel hits you with a +2 whip of freezing!
* * * LOW HITPOINT WARNING * * *
Pikel freezes you.
* * * LOW HITPOINT WARNING * * *
You block Pikel's attack.
Pikel says, "I knew I should've brought a map."
You block Pikel's attack.
You hear a distant slurping noise.
You block Pikel's attack. You block Pikel's attack.
Pikel hits you with a +2 whip of freezing.
You die...

### ###########.#
#.....l5s...#
######.#########s#
.........# #K#
.....l.#.# #@#
.....#+#+###.....#
####5.....##.....#
#....$.##.....#
#5.....##.....#
#......##.....#
##5.(..######.#
.........# #.#
#.#......#


You could see Pikel (fast) and a scorpion.

Vanquished Creatures
  Eustachio (D:5)
  Menkaure (D:5)
  A sky beast (D:5)
  A black bear (D:5)
  An ogre (D:5)
  A scorpion (D:4)
  A howler monkey (D:4)
  4 hounds
  An orc priest (D:2)
  Crazy Yiuf (D:2)
  3 iguanas
  An orc wizard (D:2)
  A hound skeleton (D:4)
  8 adders
  A worm (D:2)
  A dart slug (D:3)
  8 orcs
  4 endoplasms
  2 giant cockroaches
  7 goblins
  9 hobgoblins
  3 jackals (D:1)
  2 quokkas
  10 ball pythons
  4 bats
  2 frilled lizards
  5 kobolds
  4 rats
88 creatures vanquished.

Vanquished Creatures (others)
  3 plants (D:3)
3 creatures vanquished.

Grand Total: 91 creatures vanquished

Notes
Turn   | Place    | Note
-------+----------+-------------------------------------------
     0 | D:1      | MisterFreud the Gnoll Fighter began the quest for the Orb.
     0 | D:1      | Reached XP level 1. HP: 23/23 MP: 1/1
   323 | D:1      | Reached XP level 2. HP: 29/29 MP: 2/2
   551 | D:1      | Found a faded altar of an unknown god.
   564 | D:1      | Reached XP level 3. HP: 35/35 MP: 3/3
   575 | D:1      | Became a worshipper of Dithmenos the Shadowed
   575 | D:1      | Reached * piety under Dithmenos
   950 | D:2      | Reached skill level 1 in Invocations
   993 | D:2      | Reached skill level 1 in Long Blades
   993 | D:2      | Reached skill level 1 in Axes
   993 | D:2      | Reached skill level 1 in Maces & Flails
   993 | D:2      | Reached skill level 1 in Polearms
   993 | D:2      | Reached skill level 1 in Staves
   993 | D:2      | Reached skill level 1 in Slings
   993 | D:2      | Reached skill level 1 in Bows
   993 | D:2      | Reached skill level 1 in Crossbows
   993 | D:2      | Reached skill level 1 in Throwing
   993 | D:2      | Reached skill level 1 in Dodging
   993 | D:2      | Reached skill level 1 in Stealth
   993 | D:2      | Reached skill level 1 in Unarmed Combat
   993 | D:2      | Reached skill level 1 in Spellcasting
   993 | D:2      | Reached skill level 1 in Evocations
  1141 | D:2      | Reached XP level 4. HP: 41/41 MP: 5/5
  1553 | D:2      | Found a runed translucent door.
  1554 | D:2      | Noticed Crazy Yiuf
  1568 | D:2      | HP: 1/41 [Crazy Yiuf (13)]
  1570 | D:2      | Killed Crazy Yiuf
  1571 | D:2      | Reached skill level 1 in Conjurations
  1571 | D:2      | Reached skill level 1 in Hexes
  1571 | D:2      | Reached skill level 1 in Summonings
  1571 | D:2      | Reached skill level 1 in Necromancy
  1571 | D:2      | Reached skill level 1 in Translocations
  1571 | D:2      | Reached skill level 1 in Transmutations
  1571 | D:2      | Reached skill level 1 in Fire Magic
  1571 | D:2      | Reached skill level 1 in Ice Magic
  1571 | D:2      | Reached skill level 1 in Air Magic
  1571 | D:2      | Reached skill level 1 in Earth Magic
  1571 | D:2      | Reached skill level 1 in Poison Magic
  2127 | D:2      | Reached XP level 5. HP: 8/47 MP: 5/7
  2686 | D:3      | Reached ** piety under Dithmenos
  2865 | D:4      | Reached XP level 6. HP: 47/53 MP: 8/8
  3066 | D:4      | Reached skill level 5 in Short Blades
  3130 | D:4      | Found an opulent altar of Gozag.
  3826 | D:5      | Entered Level 5 of the Dungeon
  3865 | D:5      | Reached XP level 7. HP: 50/60 MP: 10/10
  3959 | D:5      | Found a staircase to the Ecumenical Temple.
  4061 | D:5      | Found a shadowy altar of Dithmenos.
  4403 | D:5      | Found a bloodstained altar of Trog.
  4425 | D:5      | Noticed Menkaure
  4433 | D:5      | Killed Menkaure
  4434 | D:5      | Reached XP level 8. HP: 56/67 MP: 12/12
  4435 | D:5      | Noticed Eustachio
  4471 | D:5      | Killed Eustachio
  4892 | D:5      | Found a broken altar of Ashenzari.
  5250 | D:6      | Noticed Pikel
  5283 | D:6      | HP: 3/65 [Pikel (1)]
  5285 | D:6      | HP: 1/65 [Pikel (3)]
  5294 | D:6      | Slain by Pikel

Illustrated notes

Levels and vault maps discovered:
D:1:      co_arrival_square_in_a_square_in_a_square, layout_rooms,
          basic_ecumenical_altar
D:2:      layout_loops_ring, uniq_crazy_yiuf_cottage
D:3:      layout_rooms, serial_bayou_crossing
D:4:      layout_basic, overflow_temple_1_default
D:5:      layout_gridville, mainiacjoe_overflow_surrounded_room,
          nicolae_dithmenos_through_a_glass_darkly, kennysheep_little_box,
          minmay_temple_entry_statues_fountains, uniq_eustachio, uniq_menkaure
D:6:      layout_basic, minmay_alternating_orb, uniq_blork_the_orc, uniq_maggie,
          uniq_pikel

Skill      XL: |  1  2  3  4  5  6  7  8 |
---------------+-------------------------+-----
Invocations    | 1 2 3 |  3.4
Long Blades    | 1 2 3 |  3.1
Axes           | 1 2 3 |  3.1
Maces & Flails | 1 2 3 |  3.1
Polearms       | 1 2 3 |  3.1
Staves         | 1 2 3 |  3.1
Slings         | 1 2 3 |  3.1
Bows           | 1 2 3 |  3.1
Crossbows      | 1 2 3 |  3.1
Throwing       | 1 2 3 |  3.1
Dodging        | 1 2 3 |  3.1
Stealth        | 1 2 3 |  3.1
Unarmed Combat | 1 2 3 |  3.1
Spellcasting   | 1 2 3 |  3.1
Evocations     | 1 2 3 |  3.1
Conjurations   | 1 2 |  2.5
Hexes          | 1 2 |  2.5
Summonings     | 1 2 |  2.5
Necromancy     | 1 2 |  2.5
Translocations | 1 2 |  2.5
Transmutations | 1 2 |  2.5
Fire Magic     | 1 2 |  2.5
Ice Magic      | 1 2 |  2.5
Air Magic      | 1 2 |  2.5
Earth Magic    | 1 2 |  2.5
Poison Magic   | 1 2 |  2.5
Short Blades   | 5 |  5.6
Fighting       | 7 |  7.3
Armour         | 7 |  7.3
Shields        | 7 |  7.3

Action                   |  1- 3 |  4- 6 |  7- 9 || total
-------------------------+-------+-------+-------++-------
Melee: Rapier            |   119 |   170 |   132 ||   421
       Bite              |     9 |    16 |     9 ||    34
Throw: Dart              |       |     6 |    15 ||    21
  Use: Potion            |       |     2 |     3 ||     5
       Scroll            |       |     6 |       ||     6
Armor: Scale mail        |    44 |    50 |    57 ||   151
Dodge: Dodged            |    45 |    53 |    37 ||   135
Block: Kite shield       |    72 |    92 |    71 ||   235
